Map: Catalyst LE

Players

NonY

  • Race: Protoss Protoss
  • League: Grandmaster
  • Spawn Location: 11:00

A.I. 1 (Very Easy) - Winner!

  • Race: Protoss Protoss
  • Spawn Location: 5:00

VOD

Have the link to the VOD?

Description

Time

  • Played on: Nov. 22, 2017, 7:20 a.m.
  • Length: 5:15
Show
View Real Time Build Order
Export as new Build Order

NonY Protoss 

Build Orders:  

Get SALT Encoding   

  12  0:00  Probe  
  13  0:12  Probe  
  14  0:17  Pylon  
  14  0:25  Probe (Chrono Boost)  
  15  0:37  Probe (Chrono Boost)  
  15  0:38  Gateway  
  17  0:45  Probe (Chrono Boost)  
  17  0:51  Probe  
  17  0:52  Assimilator  
  18  1:03  Probe (Chrono Boost)  
  19  1:04  Assimilator  
  19  1:10  Pylon  
  20  1:13  Probe (Chrono Boost)  
  20  1:17  Probe  
  21  1:26  Cybernetics Core  
  21  1:29  Probe  
  22  1:41  Probe  
  23  1:53  Probe  
  24  2:02  Stalker (Chrono Boost)  
  24  2:03  Warp Gate  
  24  2:05  Probe  
  27  2:13  Nexus  
  27  2:22  Stalker  
  29  2:34  Robotics Facility  
  29  2:41  Pylon  
  29  2:46  Probe  
  30  2:59  Stalker, Probe  
  33  3:11  Probe  
  34  3:21  Immortal (Chrono Boost)  
  38  3:29  Stalker  
  40  3:39  Shield Battery  
  40  3:43  Immortal (Chrono Boost)  
  44  3:48  Gateway  
  44  3:53  Gateway  
  44  4:05  Probe x2  
  44  4:07  Stalker  
  48  4:15  Pylon  
  48  4:20  Observer (Chrono Boost)  
  49  4:30  Stalker  
  53  4:33  Immortal (Chrono Boost)  
  57  4:43  Pylon  
  55  4:53  Stalker x2  
  55  4:54  Stalker  
  55  4:58  Pylon  
  61  5:02  Probe x2  
Show
View Real Time Build Order
Export as new Build Order

A.I. 1 (Very Easy) Protoss - Winner!

Build Orders:  

Get SALT Encoding   

  12  0:00  Probe  
  13  0:13  Probe  
  14  0:19  Pylon  
  14  0:36  Assimilator  
  14  0:42  Gateway  
  14  0:46  Pylon  
  14  1:15  Assimilator  
  14  1:28  Probe  
  14  1:30  Zealot  
  17  1:34  Cybernetics Core  
  17  1:40  Probe  
  18  1:52  Probe  
  19  2:04  Probe  
  20  2:10  Warp Gate  
  20  2:17  Probe  
  21  2:29  Probe  
  22  2:40  Stalker  
Tags
 
Matchup
PvP
Spawn Locations
Cross Positions
Add a new tag
Caveats
  • Supply blocks, unpowered buildings, or Contaminate may cause inaccurate times.
  • Supply counts are checked every 10 seconds.